 Dungeon Crawl Stone Soup version 0.24.0-123-gd5b16e6ec5 (webtiles) character file.

Game seed: 13431254492105243137, levelgen mode: deterministic

1677 Descartes the Gusty (level 8, 0/41 HPs)
             Began as a Deep Elf Air Elementalist on Jan 29, 2020.
             Was a Follower of Vehumet.
             Slain by an orc warrior
             ... wielding a +0 glaive
              (10 damage)
             ... on level 6 of the Dungeon.
             The game lasted 00:21:56 (7543 turns).

Descartes the Gusty (Deep Elf Air Elementalist)     Turns: 7543, Time: 00:21:57

Health: 0/41       AC:  7    Str:  5    XL:     8   Next: 70%
Magic:  8/18       EV: 11    Int: 23    God:    Vehumet [*.....]
Gold:   336        SH:  0    Dex: 20    Spells: 6/18 levels left

rFire    . . .     SeeInvis .   k - +3 dagger (freeze)
rCold    + + .     Gourm    .   (no shield)
rNeg     . . .     Faith    .   g - +0 ring mail {rC+}
rPois    .         Spirit   .   m - +1 helmet
rElec    .         Reflect  .   (no cloak)
rCorr    .         Harm     .   (no gloves)
MR       .....                  (no boots)
Stlth    +++.......             (no amulet)
HPRegen  0.13/turn              j - +5 ring of dexterity
MPRegen  0.16/turn              l - ring of protection from cold

@: no status effects
A: no striking features
a: Renounce Religion


You were on level 6 of the Dungeon.
You worshipped Vehumet.
Vehumet was aware of your devotion.
You were not hungry.

You visited 2 branches of the dungeon, and saw 7 of its levels.

You collected 336 gold pieces.

Inventory:

Hand Weapons
 k - a +3 dagger of freezing (weapon)
Missiles
 f - 99 stones (quivered)
 h - 37 arrows
 i - 61 sling bullets
 q - 19 bolts
 v - 2 poisoned darts
 K - 4 boomerangs
Armour
 a - a +0 robe
 g - a +0 ring mail of cold resistance (worn)
 m - a +1 helmet (worn)
 p - a +0 leather armour
Jewellery
 j - a +5 ring of dexterity (left hand)
 l - a ring of protection from cold (right hand)
 o - an uncursed ring of fire
 t - an uncursed amulet of faith
Wands
 x - a wand of random effects (38)
 A - a wand of acid (10)
Scrolls
 e - a scroll of enchant armour
 u - a scroll of remove curse
 y - 2 scrolls of identify
 C - 2 scrolls of fog {unknown}
 D - 3 scrolls of immolation {unknown}
 E - 2 scrolls of amnesia {unknown}
 G - a scroll of teleportation
 H - a scroll of random uselessness {unknown}
 I - a scroll of fear {unknown}
Potions
 b - 4 potions of agility {unknown}
 d - a potion of might
 n - a potion of invisibility {unknown}
 r - a potion of mutation {unknown}
 s - a potion of heal wounds {unknown}
 w - a potion of cancellation {unknown}
 z - a potion of ambrosia {unknown}
 B - 2 potions of degeneration {unknown}
 F - a potion of lignification {unknown}
Comestibles
 c - 15 rations
 J - 4 chunks of flesh


   Skills:
 + Level 2.6 Armour
 + Level 5.1 Dodging
 - Level 5.0 Stealth
 + Level 5.5 Spellcasting
 * Level 5.7 Conjurations
 + Level 4.7 Charms
 + Level 0.9 Necromancy
 * Level 6.1 Air Magic
 + Level 1.2 Poison Magic


You had 6 spell levels left.
You knew the following spells:

 Your Spells              Type           Power        Failure   Level  Hunger
a - Shock                 Conj/Air       ####         3%          1    None
b - Swiftness             Chrm/Air       ####....     6%          2    None
c - Airstrike             Air            ####......   30%         4    ####...
d - Sting                 Conj/Pois      ###.         10%         1    None
e - Regeneration          Chrm/Necr      ###.......   36%         3    ##.....
f - Pain                  Necr           ##..         26%         1    None

Your spell library contained the following spells:

 Spells                   Type           Power        Failure   Level  Hunger
 Static Discharge         Conj/Air       ####....     10%         3    ##.....
 Animate Skeleton         Necr           N/A          26%         1    None
 Vampiric Draining        Necr           ##........   61%         3    ##.....
 Lightning Bolt           Conj/Air       ####......   67%         5    #####..
 Animate Dead             Necr           N/A          95%         4    ####...


Dungeon Overview and Level Annotations

Branches:
Dungeon (6/15)             Temple (1/1) D:4

Altars:
Ashenzari
Cheibriados
Dithmenos
Fedhas
Gozag
Kikubaaqudgha
Nemelex Xobeh
Okawaru
Sif Muna
Trog
Uskayaw
Vehumet
Wu Jian
Yredelemnul
Zin
The Shining One


Message History

The zap hits the orc warrior.
The orc warrior is moderately wounded.
The zap hits the orc.
The orc is heavily wounded.
The orc warrior hits you from afar with a +0 glaive!!
Casting: Shock (safe; 3% risk of failure)
Confirm with . or Enter, or press ? or * to list all spells.
Aiming: Shock (safe; 3% risk of failure)
Press: ? - help, Shift-Dir - straight line, f/p - orc warrior
Aim: an orc warrior, wielding a +0 glaive and wearing a +0 chain mail (moderately wounded)
The zap hits the orc warrior!
The orc warrior is heavily wounded.
The zap hits the orc.
You kill the orc!
Vehumet accepts your kill.
The orc warrior hits you from afar with a +0 glaive.
* * * LOW HITPOINT WARNING * * *
An orc wizard comes into view. It is wielding a +0 dagger.
The orc warrior hits you from afar with a +0 glaive!
You die...

#)# #.# #)# #.#
#o# ##### #.#
##.####...###.#
##...##.###.##.#
#...>..## ##[#.#
##.o..## ##..#
##.#.# #..#
#.####@#.## ##.##
#.........##
##.##
######.###.###.##
#.# ##...## #.#
##### #########.#
#.........#
#.######..# #.#
#..#


You could see an orc warrior and an orc wizard.

Vanquished Creatures
  The ghost of Xerdoz the Changer, an amateur OpTm (D:4)
  Edmund (D:4)
  2 orc warriors (D:6)
  2 phantoms
  An ogre (D:4)
  A bullfrog (D:5)
  A water moccasin skeleton (D:4)
  A scorpion (D:6)
  A crimson imp (D:5)
  A centaur zombie (D:5)
  2 bullfrog zombies (D:5)
  5 orc priests
  A jelly (D:5)
  2 bullfrog skeletons (D:4)
  A worker ant (D:4)
  3 orc wizards
  2 hound skeletons
  Robin (D:2)
  8 adders
  3 gnolls (D:5)
  2 shadow imps
  An ooze (D:1)
  An adder skeleton (D:5)
  2 worms
  6 dart slugs
  3 leopard geckos
  19 orcs
  2 giant cockroaches
  16 goblins
  9 hobgoblins
  11 jackals
  7 kobolds
  2 quokkas
  4 ball pythons
  7 bats
  5 frilled lizards
  A giant cockroach zombie (D:5)
  6 rats
144 creatures vanquished.

Notes
Turn   | Place    | Note
-------+----------+-------------------------------------------
     0 | D:1      | Descartes the Deep Elf Air Elementalist began the quest for
                  | the Orb.
     0 | D:1      | Reached XP level 1. HP: 10/10 MP: 6/6
   266 | D:1      | Reached XP level 2. HP: 15/15 MP: 1/8
   271 | D:1      | Learned a level 2 spell: Swiftness
   373 | D:1      | You fall into a shaft and drop 1 floor!
   720 | D:2      | Reached XP level 3. HP: 19/19 MP: 6/9
   746 | D:2      | Found a snail-covered altar of Cheibriados.
   762 | D:2      | Noticed Robin
   822 | D:2      | Killed Robin
  1103 | D:2      | Found a hide-covered altar of Uskayaw.
  1644 | D:2      | Reached XP level 4. HP: 23/24 MP: 3/11
  2166 | D:3      | Found a sparkling altar of Nemelex Xobeh.
  2508 | D:3      | Reached skill level 1 in Charms
  2719 | D:3      | Found a shattered altar of Ashenzari.
  2866 | D:3      | Found a shadowy altar of Dithmenos.
  3171 | D:3      | Reached XP level 5. HP: 28/28 MP: 10/12
  3175 | D:3      | Reached skill level 4 in Air Magic
  3708 | D:4      | Reached skill level 1 in Armour
  3719 | D:4      | Reached XP level 6. HP: 14/32 MP: 0/14
  3906 | D:4      | Found a runed translucent gate.
  3906 | D:4      | Found a runed translucent gate.
  3921 | D:4      | Found a staircase to the Ecumenical Temple.
  3927 | Temple   | Entered the Ecumenical Temple
  3994 | Temple   | Became a worshipper of Vehumet
  4192 | D:4      | Found a runed translucent gate.
  4195 | D:4      | Noticed Xerdoz's ghost (amateur OpTm)
  4235 | D:4      | Killed Xerdoz's ghost
  4553 | D:4      | Reached XP level 7. HP: 32/36 MP: 7/15
  4610 | D:4      | Learned a level 4 spell: Airstrike
  4930 | D:4      | Found a glowing golden altar of the Shining One.
  4939 | D:4      | Noticed Edmund
  4946 | D:4      | Reached skill level 5 in Air Magic
  4953 | D:4      | Killed Edmund
  5223 | D:4      | Found an opulent altar of Gozag.
  5322 | D:5      | Entered Level 5 of the Dungeon
  5777 | D:5      | Reached skill level 5 in Spellcasting
  5777 | D:5      | Reached XP level 8. HP: 35/41 MP: 5/17
  6259 | D:5      | Reached skill level 5 in Conjurations
  6449 | D:5      | Reached * piety under Vehumet
  6449 | D:5      | Offered knowledge of Sting by Vehumet.
  6452 | D:5      | Learned a level 1 spell: Sting
  7035 | D:6      | Reached skill level 5 in Stealth
  7288 | D:6      | Learned a level 3 spell: Regeneration
  7290 | D:6      | Learned a level 1 spell: Pain
  7379 | D:6      | Reached skill level 5 in Dodging
  7379 | D:6      | Reached skill level 6 in Air Magic
  7379 | D:6      | Reached skill level 1 in Poison Magic
  7543 | D:6      | Slain by an orc warrior

Levels and vault maps discovered:
D:1:      minmay_arrival_nine_rooms, layout_basic
D:2:      layout_basic, lemuel_round_altar, kennysheep_slug_shrine, uniq_robin
D:3:      layout_basic, nicolae_dithmenos_shadow_blocks, lemuel_round_altar,
          old_standard_altar
D:4:      layout_basic, kennysheep_mini,
          nicolae_gozag_cash_rules_everything_around_me,
          minmay_temple_entry_butterflies, gammafunk_ghost_split, uniq_edmund
D:5:      layout_basic, first_ration, hex_medium
D:6:      layout_loops_corners, kennysheep_little_box, minmay_misc_feat_doors
Temple:   compressed_dpeg_triangle_lava_temple

Skill      XL: |  1  2  3  4  5  6  7  8 |
---------------+-------------------------+-----
Conjurations   | 2 3 4 5 |  5.7
Dodging        | 3 4 5 |  5.1
Stealth        | 3 4 5 |  5.0
Charms         | 1 2 3 4 |  4.7
Air Magic      | 4 5 6 |  6.1
Armour         | 1 2 |  2.6
Spellcasting   | 4 5 |  5.5
Poison Magic   | 1 |  1.2
Necromancy     | |  0.9

Action                   |  1- 3 |  4- 6 |  7- 9 || total
-------------------------+-------+-------+-------++-------
Melee: Dagger            |       |    18 |     3 ||    21
 Cast: Shock             |    65 |   131 |   201 ||   397
  Use: Scroll            |       |     7 |       ||     7
  Eat: Chunk             |     2 |     6 |     5 ||    13
       Ration            |       |     1 |     1 ||     2
Armor: Robe              |     4 |       |       ||     4
       Leather armour    |       |    21 |       ||    21
       Ring mail         |       |       |    21 ||    21
Dodge: Dodged            |     4 |    39 |    29 ||    72
